 Dungeon Crawl Stone Soup version 0.24-a0-69-g55f835606b (webtiles) character file.

Game seed: 3728944429810495937

812 LLavrengius the Changer (level 7, 0/49 HPs)
             Began as an Octopode Transmuter on Feb 6, 2019.
             Was an Initiate of Gozag.
             Succumbed to a worker ant's poison
             ... on level 4 of the Dungeon.
             The game lasted 00:17:54 (5770 turns).

LLavrengius the Changer (Octopode Transmuter)       Turns: 5770, Time: 00:17:54

Health: 0/49       AC:  2    Str:  9    XL:     7   Next: 93%
Magic:  12/12      EV: 22    Int: 21    God:    Gozag
Gold:   244        SH:  0    Dex: 17    Spells: 7/13 levels left

rFire    . . .     SeeInvis .     - Unarmed
rCold    . . .     Gourm    .   (shield currently unavailable)
rNeg     . . .     Faith    .   (helmet currently unavailable)
rPois    x         Spirit   .   (no amulet)
rElec    .         Reflect  .   g - ring of wizardry
rCorr    .         Harm     .   l - +3 ring of intelligence
MR       .....                  (no ring)
Stlth    ++........             (no ring)
HPRegen  0.16/turn              (no ring)
MPRegen  0.13/turn              (no ring)
                                (no ring)
                                (no ring)

@: lethally poisoned (0 -> -7), spider-form (expiring)
A: tiny, almost no armour, stealthy swim, (amphibious), 8 rings, (constrict 8)
a: End Transformation, Potion Petition, Call Merchant, Bribe Branch, Renounce
Religion


You were on level 4 of the Dungeon.
You worshipped Gozag.
Gozag was aware of your devotion.
You were hungry.
You were a venomous arachnid creature.
You visited 1 branch of the dungeon, and saw 5 of its levels.
You also visited: Sewer.

You collected 282 gold pieces.
You paid 38 gold pieces to Gozag.

Inventory:

Hand Weapons
 n - a +0 hunting sling
Missiles
 a - 76 arrows
 i - 4 tomahawks
 o - 41 stones (quivered)
Jewellery
 g - a ring of wizardry (left front leg)
 l - a +3 ring of intelligence (right front leg)
Wands
 j - a wand of random effects (17)
 k - a wand of digging (2)
Scrolls
 f - a scroll of teleportation
 m - a scroll of remove curse
Potions
 b - 2 potions of lignification
 d - 4 potions of haste
 e - a potion of brilliance
 h - a potion of degeneration
 q - 2 potions of magic
Comestibles
 c - 5 rations


   Skills:
 + Level 4.3 Fighting
 - Level 4.0 Dodging
 - Level 4.0 Unarmed Combat
 + Level 3.8 Spellcasting
 - Level 5.0 Transmutations


You had 7 spell levels left.
You knew the following spells:

 Your Spells              Type           Power        Failure   Level  Hunger
a - Beastly Appendage     Tmut           ###...       2%          1    None
b - Sticks to Snakes      Tmut           ###.....     3%          2    #......
c - Spider Form           Tmut/Pois      ##........   12%         3    ###....

Your spell library contained the following spells:

 Spells                   Type           Power        Failure   Level  Hunger
 Ice Form                 Ice/Tmut       ##......     32%         4    ####...
 Blade Hands              Tmut           ###.......   32%         5    ######.


Dungeon Overview and Level Annotations

Branches:
Dungeon (5/15)
 Temple: D:4-7

Altars:
Gozag
Hepliaklqana


Innate Abilities, Weirdness & Mutations

You cannot wear most types of armour.
You are very stealthy in the water. (Stealth+)
((You are amphibious.))
You can wear up to eight rings at the same time.
((You can use your tentacles to constrict eight enemies at once.))
((Your skin changes colour to match your surroundings (Stealth+).))
((Your rubbery body absorbs attacks. (AC +1, EV +1)))


Message History

* * * LOW HITPOINT WARNING * * *
You feel sick. The worker ant misses you.
You barely miss the worker ant.
The worker ant is lightly wounded.
* * * LOW HITPOINT WARNING * * *
You feel sick. The worker ant misses you.
You hit the worker ant.
The worker ant is poisoned.
The worker ant is moderately wounded.
Your transformation is almost over.
* * * LOW HITPOINT WARNING * * *
You feel sick. The worker ant misses you.
You barely miss the worker ant.
The worker ant is severely wounded.
* * * LOW HITPOINT WARNING * * *
You feel sick. The worker ant barely misses you.
You hit the worker ant.
The worker ant looks as sick as possible!
The worker ant is almost dead.
You die...
Your body crumbles into a pile of gold.

#.#.#......##..#.##..........##.#
#.#.######.##..#.###...########.#
..#.# #.##..#.####.##### #.#
#.#.# #.##.............# #.#
##..# ###.......####.###.#####.#
##''####......#..# #.# #.....>.#
.......########..# #.######....#
.....)..## #.a# #............
..≈≈.....## #.s# ########...##
..≈≈......## #..# ##.##
..≈≈.......## #..# #.#
..≈≈........# #..# #.#
.≈≈≈≈.......###..####### #.#
≈♣≈≈♣≈......#....#.....# ####.###
≈≈≈≈≈≈≈≈≈≈..'.##...###.# #.......
≈≈≈≈≈≈≈≈≈≈..'.####.# ♣.♣ #.######
≈♣≈≈♣≈......#.# #.#♣♣.♣♣#.# #


You could see a worker ant.

Vanquished Creatures
  Sigmund (D:3)
  A phantom (D:4)
  2 hounds (D:4)
  2 centaur skeletons
  A jelly (D:5)
  An orc priest (D:5)
  Jessica (D:2)
  2 iguanas
  5 worker ants (D:4)
  9 adders
  2 oozes (D:4)
  An adder skeleton (D:5)
  A worm (D:4)
  2 dart slugs
  A leopard gecko (D:1)
  9 orcs
  4 giant cockroaches
  8 goblins
  7 hobgoblins
  9 jackals
  11 kobolds
  2 quokkas (D:4)
  3 ball pythons
  5 bats
  11 frilled lizards
  13 rats
  4 plants (Sewer)
118 creatures vanquished.

Notes
Turn   | Place    | Note
-------+----------+-------------------------------------------
     0 | D:1      | LLavrengius the Octopode Transmuter began the quest for the
                  | Orb.
     0 | D:1      | Reached XP level 1. HP: 13/13 MP: 3/3
   136 | D:1      | Reached XP level 2. HP: 15/18 MP: 5/5
   771 | D:1      | Reached XP level 3. HP: 15/23 MP: 4/6
   779 | D:1      | Reached skill level 3 in Transmutations
  1449 | D:2      | Learned a level 2 spell: Sticks to Snakes
  1453 | D:2      | Learned a level 3 spell: Spider Form
  1487 | D:2      | Noticed Jessica
  1492 | D:2      | Killed Jessica
  1492 | D:2      | Reached XP level 4. HP: 25/28 MP: 4/8
  2303 | D:3      | Reached XP level 5. HP: 31/33 MP: 6/9
  2304 | D:3      | Reached skill level 4 in Transmutations
  2330 | D:3      | Found a hazy altar of Hepliaklqana.
  2647 | D:3      | Noticed Sigmund
  2666 | D:3      | Killed Sigmund
  2666 | D:3      | Reached XP level 6. HP: 36/39 MP: 7/10
  2781 | D:4      | Noticed a phantom
  2876 | D:4      | Found a glowing drain.
  2897 | Sewer    | Entered a sewer
  3659 | D:4      | Found an opulent altar of Gozag.
  3675 | D:4      | Became a worshipper of Gozag Ym Sagoz the Greedy
  3826 | D:4      | Noticed a phantom
  3863 | D:4      | Reached XP level 7. HP: 26/45 MP: 11/11
  4144 | D:4      | Reached skill level 5 in Transmutations
  4555 | D:5      | Entered Level 5 of the Dungeon
  5768 | D:4      | HP: 2/49 [poisoned by a worker ant]
  5770 | D:4      | Succumbed to a worker ant's poison

Vault maps used:
D:1:      psy_arrival_whirlpool, layout_loops_ring
D:2:      layout_loops_ring, first_ration, uniq_jessica
D:3:      layout_loops_ring, old_standard_altar, uniq_sigmund
D:4:      layout_loops_ring, grunt_gozag_breadcrumbs, gup_sewer_entry_bubbles,
          minmay_tree_intersection, kennysheep_cross_room
D:5:      layout_rooms, grunt_dithmenos_smoke, uniq_prince_ribbit1
Sewer:    sewer_co_scattered_pipes

Skill      XL: |  1  2  3  4  5  6  7 |
---------------+----------------------+-----
Transmutations | 3 4 5 |  5.0
Spellcasting   | 3 |  3.8
Fighting       | 2 4 |  4.3
Dodging        | 3 4 |  4.0
Unarmed Combat | 4 |  4.0

Action                   |  1- 3 |  4- 6 |  7- 9 || total
-------------------------+-------+-------+-------++-------
Melee: Unarmed           |    83 |   252 |   125 ||   460
       Tentacles         |     9 |    41 |     7 ||    57
       Constrict         |    17 |    37 |     8 ||    62
       Kick              |     7 |     3 |     5 ||    15
       Punch             |     1 |     4 |       ||     5
 Cast: Beastly Appendage |     4 |     2 |     3 ||     9
       Sticks to Snakes  |     1 |       |       ||     1
       Spider Form       |       |     2 |     6 ||     8
  Use: Scroll            |       |     7 |       ||     7
       Potion            |       |       |     3 ||     3
 Stab: Sleeping          |     6 |    11 |     4 ||    21
  Eat: Chunk             |     2 |     7 |       ||     9
       Ration            |       |       |     2 ||     2
Armor: Skin              |     4 |     7 |     7 ||    18
Dodge: Dodged            |    37 |   112 |    89 ||   238

Table legend:
 A = Non-vault XP
 B = Vault XP
 C = Vault XP percentage of total XP
 D = Non-vault monster count
 E = Vault monster count
 F = Vault count percentage of total count
                 A         B        C        D         E       F
            +---------+---------+-------+---------+---------+-------
      Total |     812 |     348 |  30.0 |      85 |      29 |  25.4
            +---------+---------+-------+---------+---------+-------
        D:1 |      41 |       0 |   0.0 |      22 |       0 |   0.0
        D:2 |      56 |      37 |  39.8 |      21 |       1 |   4.5
        D:3 |     109 |     227 |  67.6 |      18 |       1 |   5.3
        D:4 |     435 |      32 |   6.9 |      14 |       7 |  33.3
        D:5 |     171 |       0 |   0.0 |      10 |       0 |   0.0
      Sewer |       0 |      52 | 100.0 |       0 |      20 | 100.0
            +---------+---------+-------+---------+---------+-------
